 Dungeon Crawl Stone Soup version 0.31-a0-920-g28cbb04a8c (webtiles) character file.

Game seed: 13338290285126113941

84 ytrimaz the Sneak (level 4, 0/42 HPs)
             Began as an Octopode Shapeshifter on Oct 17, 2023.
             Slain by a gnoll
             ... wielding a +0 whip
              (4 damage)
             ... on level 3 of the Dungeon.
             The game lasted 00:02:47 (2502 turns).

ytrimaz the Sneak (Octopode Shapeshifter)           Turns: 2502, Time: 00:02:48

Health: 0/42       AC: 22    Str: 13    XL:     4   Next: 46%
Magic:  4/4        EV:  2    Int: 12    God:
Gold:   155        SH:  0    Dex: 13    Spells: 3/3 levels left

rFire   . .          .
                       - Unarmed
rCold   . . .        (no shield)
rNeg    . . .        (helmet currently unavailable)
rPois   +            (no amulet)
rElec   .            (no ring)
rCorr   .            (no ring)
SInv    .            (no ring)
Will    .....        (no ring)
Stlth   ++           (no ring)
HPRegen 0.27/turn    (no ring)
MPRegen 0.09/turn    (no ring)
                     (no ring)

%: no passive effects
@: tree-form
A: stationary, stasis, torment immunity, boosted hp, almost no armour,
(amphibious), 8 rings, (camouflage 1), (gelatinous body 1), (nimble swimmer 1),
(tentacles)
a: no special abilities


You were on level 3 of the Dungeon.
You were a tree.
You visited 1 branch of the dungeon, and saw 3 of its levels.

You collected 181 gold pieces.
You spent 26 gold pieces at shops.


Innate Abilities, Weirdness & Mutations

You are a tree.
Your roots penetrate the ground, keeping you stationary.
You cannot be teleported.
You are immune to unholy pain and torment.
Your maximum health is greatly increased.
You cannot wear most types of armour.
((You are amphibious.))
You can wear up to eight rings at the same time.
((Your skin changes colour to match your surroundings (Stealth+).))
((Your rubbery body absorbs attacks. (AC +1, EV +1)))
((You are camouflaged when in or above water. (Stealth+)))
((You have tentacles for arms and can constrict up to eight enemies at once.))


   Skills:
 - Level 1.0 Fighting
 + Level 2.7 Dodging
 * Level 4.0 Stealth
 + Level 3.5 Unarmed Combat
 - Level 3.0 Shapeshifting


You had 3 spell levels left.
You didn't know any spells.
Your spell library contained the following spells:

 Spells                   Type           Power      Damage    Failure   Level
 Apportation              Tloc           0%         N/A       32%         1
 Foxfire                  Conj/Fire      0%         2x1d4     32%         1
 Necrotise                Necr           0%         1d4       32%         1
 Sandblast                Erth           0%         2d4       32%         1
 Summon Small Mammal      Summ           0%         N/A       32%         1
 Passwall                 Tmut/Erth      0%         N/A       45%         2
 Stone Arrow              Conj/Erth      0%         3d7       69%         3
 Brom's Barrelling Bould  Conj/Erth      0%         2d3       97%         4
 Plasma Beam              Fire/Air       0%         2x1d10    100%        6
 Starburst                Conj/Fire      0%         6d3       100%        6

Inventory:

Talismans
 b - a beast talisman
 c - a flux talisman
Scrolls
 f - 2 scrolls of teleportation
 g - a scroll of noise
 i - a scroll of brand weapon {unknown}
Potions
 d - a potion of cancellation {unknown}
 e - a potion of enlightenment
 h - a potion of mutation

Dungeon Overview and Level Annotations

Branches:
Dungeon (3/15) Zot: 15502

Altars:

Shops:
D:1

* #.# ########
#.# #.# #.# #.#
###.######
#..........
#.####)...#####.
......gā™£...#
.......)r..#
#.##.......# #
##....### #....#
#r##+# #. #.


You could see a gnoll and 2 rats.


Message History

You now have 28 max hp (+5).
You regained 4 hp, and now have 25/28 hp.
Your mp is fully restored (4).
No target in view! šŸ˜• HP[+1]
Found a stone staircase leading down. šŸ˜Ž HP[+2]
Your hp is fully restored (28).
A ball python comes into view.
A ball python is nearby!
A ball python is nearby!
A ball python is nearby!
The ball python hisses angrily.
The ball python bites you.
The ball python barely misses you. šŸ˜• HP[-1]
You take 1 damage, and now have 27/28 hp.
You tentacle-slap the ball python.
You kill the ball python! šŸ˜Ž HP[+1]
Your hp is fully restored (28).
No target in view!
Unknown command.
You open the door.
There is an open door here.
You open the door.
Key pressed, stopping explore.
No target in view!
Key pressed, stopping explore.
No target in view!
A gnoll comes into view. It is wielding a +0 spear.
A gnoll is nearby!
A gnoll is nearby!
A gnoll is nearby!
A gnoll is nearby!
A gnoll is nearby! 2 gnolls come into view.
A gnoll is wielding a +2 halberd of protection.
A gnoll comes into view. It is wielding a +0 whip.
Unknown command.
The helpless gnoll fails to defend itself.
You tentacle-slap the gnoll. You grab the gnoll. You constrict the gnoll.
The gnoll hits you with a +2 halberd of protection!
You release your grip on the gnoll.
The gnoll hits you with a +2 halberd of protection. šŸ˜® HP[-13]
You take 13 damage, and now have 15/28 hp.
MASSIVE DAMAGE!! (PAUSE) Unknown command.
A rat comes into view.
The gnoll closely misses you.
The gnoll shouts! šŸ˜® HP[+1] Unknown command.
Your transformation has ended.
You turn into a tree.
Your roots penetrate the ground.
The gnoll shouts! x2
The gnoll hits you but does no damage. x2 šŸ˜® HP[+8]
You now have 42 max hp (+14).
You regained 8 hp, and now have 24/42 hp.
Unknown command.
You barely miss the gnoll. The gnoll hits you with a +0 whip.
* * * LOW HITPOINT WARNING * * *
The gnoll hits you with a +0 spear.
* * * LOW HITPOINT WARNING * * *
The gnoll hits you with a +2 halberd of protection!
* * * LOW HITPOINT WARNING * * *
šŸ˜± HP[-15]
You take 15 damage, and now have 9/42 hp.
MASSIVE DAMAGE!! (PAUSE)
You smack the gnoll!
The gnoll hits you but does no damage. x2
The gnoll barely misses you.
Unknown command.
You hit the gnoll.
You kill the gnoll!
The gnoll hits you but does no damage. x3 šŸ˜± HP[+1]
You cannot move.
Unknown command.
You smack the gnoll!
You kill the gnoll!
Your Stealth skill increases to level 4!
You cannot move.
Unknown command.
You cannot move.
You hit the gnoll. The gnoll hits you with a +0 whip.
* * * LOW HITPOINT WARNING * * *
The gnoll hits you with a +0 whip.
* * * LOW HITPOINT WARNING * * *
A rat comes into view.
Unknown command. šŸ˜± HP[-7]
You take 7 damage, and now have 3/42 hp.
You smack the gnoll!
A bat comes into view.
The gnoll hits you but does no damage. x2; The bat moves out of view.
You smack the gnoll!
You kill the gnoll!
The gnoll hits you with a +0 whip.
You die...

Skill      XL: |  1  2  3  4 |
---------------+-------------+-----
Stealth        | 1 2 3 4 |  4.0
Fighting       | |  1.0
Dodging        | |  2.7
Unarmed Combat | |  3.5
Shapeshifting  | |  3.0

Action                     |  1- 3 |  4- 6 || total
---------------------------+-------+-------++-------
  Melee: Unarmed           |    64 |     9 ||    73
         Constrict         |    18 |     1 ||    19
         Tentacles         |    14 |       ||    14
    Use: Scroll            |     4 |       ||     4
         Potion            |       |     1 ||     1
   Stab: Sleeping          |    11 |     1 ||    12
 Armour: Skin              |    35 |    18 ||    53
  Dodge: Dodged            |    26 |     3 ||    29

Levels and vault maps discovered:
D:1:      dpeg_cavernosity, layout_basic, serial_shops, shop
D:2:      layout_basic, dreamdust_mushroom_princess
D:3:      wad_lake_hut, layout_loops_corners, uniq_sigmund

Notes
Turn   | Place    | Note
-------+----------+-------------------------------------------
     0 | D:1      | ytrimaz the Octopode Shapeshifter began the quest for the
                  | Orb.
     0 | D:1      | Reached XP level 1. HP: 13/13 MP: 1/1
     0 | D:1      | magus.rc [v1.9.6]
   301 | D:1      | Reached skill level 1 in Stealth
   383 | D:1      | Reached XP level 2. HP: 18/18 MP: 2/2
   488 | D:1      | Found Evatwaas's General Store.
   502 | D:1      | Bought a scroll of identify for 26 gold pieces
   568 | D:1      | Reached skill level 2 in Stealth
  1144 | D:2      | You pick up a book of Geomancy and begin reading...
  1144 | D:2      | You add the spells Sandblast, Passwall, Stone Arrow and
                  | Brom's Barrelling Boulder to your library.
  1152 | D:2      | Reached XP level 3. HP: 21/23 MP: 3/3
  1564 | D:2      | Reached skill level 3 in Stealth
  2166 | D:3      | You pick up a book of Cantrips and begin reading...
  2166 | D:3      | You add the spells Necrotise, Summon Small Mammal and
                  | Apportation to your library.
  2259 | D:3      | You pick up a book of Fire and begin reading...
  2259 | D:3      | You add the spells Foxfire, Plasma Beam and Starburst to
                  | your library.
  2411 | D:3      | Reached XP level 4. HP: 25/28 MP: 4/4
  2496 | D:3      | HP: 9/42 [gnoll/+2 halberd of protection (10)]
  2500 | D:3      | Reached skill level 4 in Stealth
  2500 | D:3      | HP: 3/42 [gnoll/+0 whip (4)]
  2502 | D:3      | Slain by a gnoll

Vanquished Creatures
  3 gnolls (D:3)
  2 adders
  A worm (D:2)
  2 dart slugs
  4 ball pythons
  2 bats
  An endoplasm (D:2)
  5 goblins
  4 hobgoblins
  4 jackals
  3 kobolds
  4 frilled lizards
  5 rats
40 creatures vanquished.

Table legend:
 A = Non-vault XP
 B = Vault XP
 C = Vault XP percentage of total XP
 D = Non-vault monster count
 E = Vault monster count
 F = Vault count percentage of total count
                 A         B        C        D         E       F
            +---------+---------+-------+---------+---------+-------
      Total |     129 |       7 |   5.1 |      36 |       4 |  10.0
            +---------+---------+-------+---------+---------+-------
        D:1 |      20 |       7 |  25.9 |      11 |       4 |  26.7
        D:2 |      43 |       0 |   0.0 |      17 |       0 |   0.0
        D:3 |      66 |       0 |   0.0 |       8 |       0 |   0.0
            +---------+---------+-------+---------+---------+-------

Skill      XL: |  1  2  3  4 |
---------------+-------------+-----
Stealth        | 1 2 3 4 |  4.0
Fighting       | |  1.0
Dodging        | |  2.7
Unarmed Combat | |  3.5
Shapeshifting  | |  3.0

Action                     |  1- 3 |  4- 6 || total
---------------------------+-------+-------++-------
  Melee: Unarmed           |    64 |     9 ||    73
         Constrict         |    18 |     1 ||    19
         Tentacles         |    14 |       ||    14
    Use: Scroll            |     4 |       ||     4
         Potion            |       |     1 ||     1
   Stab: Sleeping          |    11 |     1 ||    12
 Armour: Skin              |    35 |    18 ||    53
  Dodge: Dodged            |    26 |     3 ||    29

Illustrated notes

Table legend:
 A = Kills in this place as a percentage of kills in the entire game.
 B = Kills by you in this place as a percentage of kills by you in the entire game.
 C = Kills by friends in this place as a percentage of kills by friends in the entire game.
 D = Other kills in this place as a percentage of other kills in the entire game.
 E = Experience gained in this place as a percentage of experience gained in the entire game.
 F = Experience gained in this place divided by the number of levels of this place that you have seen.
                   A       B       C       D       E      F
               +-------+-------+-------+-------+-------+----------------------
         Total | 100.0 | 100.0 |   N/A |   N/A | 100.0 |  45.3
       Dungeon | 100.0 | 100.0 |   N/A |   N/A | 100.0 |  45.3
               +-------+-------+-------+-------+-------+----------------------

Table legend: (Time is in decaauts)
 A = Elapsed time spent in this place.
 B = Non-inter-level travel time spent in this place.
 C = Inter-level travel time spent in this place.
 D = Time resting spent in this place.
 E = Time spent auto-exploring this place.
 F = Levels seen in this place.
 G = Mean time per level.
                   A        B        C        D        E       F      G
               +--------+--------+--------+--------+--------+-----+--------+
         Total |   2496 |   2464 |     32 |      0 |   2182 |   3 |  832.0 |
       Dungeon |   2496 |   2464 |     32 |      0 |   2182 |   3 |  832.0 |
               +--------+--------+--------+--------+--------+-----+--------+

Top non-repeatable levels by time:
     D:1: 1114 daAuts
     D:2: 1020 daAuts
     D:3: 361 daAuts
